 Dungeon Crawl Stone Soup version 0.28.0-55-gcd9437bce4 (webtiles) character file.

Game seed: 7532749785700746727

2782 tkbsonic5 the Summoner (level 9, -2/34 HPs)
             Began as a Felid Summoner on Dec 15, 2022.
             Was a Priest of Dithmenos.
             Slain by a human (7 damage)
             ... on level 13 of the Dungeon.
             The game lasted 01:43:32 (13618 turns).

tkbsonic5 the Summoner (Felid Summoner)            Turns: 13618, Time: 01:43:34

Health: -2/34      AC:  2    Str: 10    XL:     9   Next: 43%
Magic:  5/20       EV: 22    Int: 20    God:    Dithmenos [***...]
Gold:   120        SH:  0    Dex: 18    Spells: 0/21 levels left
                                        Lives:  0   Deaths: 3

rFire   + . .      SeeInvis +     - Unarmed
rCold   . . .      Faith    .   (shield unavailable)
rNeg    . . .      Spirit   .   (armour unavailable)
rPois   .          Reflect  .   (helmet unavailable)
rElec   .          Harm     .   (cloak unavailable)
rCorr   .          Rampage  .   (gloves unavailable)
Will    +....                   (boots unavailable)
Stlth   +++++.....              (no amulet)
HPRegen 0.11/turn               i - ring of protection from fire
MPRegen 0.17/turn               k - +6 ring of strength

@: marked, wreathed by umbra, quick
A: very small, claws 1, fangs 3, see invisible, speed 1, shaggy fur 2, stealthy
paws, no weapons or thrown items, no armour, multi-lived
a: Renounce Religion, Shadow Step


You were on level 13 of the Dungeon.
You worshipped Dithmenos.
Dithmenos was most pleased with you.
You visited 1 branch of the dungeon, and saw 12 of its levels.

You collected 715 gold pieces.
You spent 595 gold pieces at shops.

Inventory:

Jewellery
 a - an amulet of guardian spirit
 f - an amulet of magic regeneration
 h - an amulet of the acrobat
 i - a ring of protection from fire (left paw)
 k - a +6 ring of strength (right paw)
Wands
 c - a wand of charming (1)
 d - a wand of paralysis (2)
 e - a wand of iceblast (7)
Potions
 g - a potion of cancellation
 m - a potion of brilliance
Miscellaneous
 b - a lightning rod (3/4)
 j - a phantom mirror


   Skills:
 - Level 0.7 Fighting
 + Level 8.0 Dodging
 + Level 7.6 Stealth
 * Level 1.3 Unarmed Combat
 * Level 6.9 Spellcasting
 * Level 2.6 Conjurations
 * Level 7.1 Hexes
 * Level 8.2 Summonings
 * Level 7.1 Translocations
 + Level 1.1 Transmutations
 * Level 2.5 Fire Magic
 * Level 5.7 Air Magic
 * Level 1.4 Earth Magic
 * Level 1.4 Poison Magic
 + Level 4.8 Evocations


You couldn't memorise any spells.
You knew the following spells:

 Your Spells              Type           Power      Damage    Failure   Level
a - Summon Small Mammal   Summ           100%       N/A       1%          1
b - Call Imp              Summ           40%        N/A       1%          2
c - Call Canine Familiar  Summ           40%        N/A       1%          3
d - Summon Lightning Spi  Summ/Air       34%        N/A       5%          4
e - Summon Guardian Gole  Hex/Summ       37%        N/A       1%          3
f - Teleport Other        Tloc           35%        N/A       1%          3
g - Mephitic Cloud        Conj/Pois/Air  20%        N/A       8%          3
h - Foxfire               Conj/Fire      68%        2x1d7     3%          1
i - Passwall              Tmut/Erth      9%         N/A       9%          2

Your spell library contained the following spells:

 Spells                   Type           Power      Damage    Failure   Level
 Gell's Gravitas          Tloc           35%        N/A       1%          3
 Lesser Beckoning         Tloc           35%        N/A       1%          3
 Inner Flame              Hex/Fire       26%        N/A       4%          3
 Sandblast                Erth           24%        2d8       5%          1
 Conjure Flame            Conj/Fire      17%        6-21      10%         3
 Stone Arrow              Conj/Erth      30%        3d8       12%         3
 Ignite Poison            Fire/Tmut/Pois 13%        N/A       14%         3
 Flame Wave               Conj/Fire      17%        2d6       32%         4
 Freezing Cloud           Conj/Ice/Air   9%         6-21      63%         5
 Lehudib's Crystal Spear  Conj/Erth      7%         10d3      100%        8
 Animate Armour           Summ/Erth      Unusable   N/A       N/A         4

Dungeon Overview and Level Annotations

Branches:
Dungeon (11/15)            Temple (0/1) D:7          Vaults (0/5) D:13
   Lair: D:8-11         Orc: D:9-12

Altars:
Dithmenos
Kikubaaqudgha
Okawaru
Qazlal
Sif Muna
Vehumet

Shops:
D:5 *   D:10 *

Annotations:
D:13 Nessos, Urug


Innate Abilities, Weirdness & Mutations

You have sharp claws.
You have razor-sharp teeth.
You have supernaturally acute eyesight. (SInv)
You cover ground quickly. (Speed+)
You are covered in thick fur. (AC +2)
Your paws help you pounce on unaware monsters.
You are incapable of wielding weapons or throwing items.
You cannot wear armour.
You gain extra lives every three experience levels.


Message History

Okay, then.
Casting: Teleport Other (safe; 1% risk of failure)
Confirm with . or Enter, or press ? or * to list all spells.
Nessos unwields a +2 longbow of flaming.
It stops flaming.
Nessos hits themself!
Nessos kicks themself.
A red ugly thing comes into view.
The troll completely misses your human. The troll barely misses your human.
The troll closely misses your human.
Your human hits the yaktaur!
The deep elf pyromancer hits your guardian golem but does no damage.
The yaktaur closely misses your human.
Urug stares with her one eyeball.
Your lightning spire shoots out a bolt of lightning at Nessos!
The bolt of electricity hits Nessos.
A boulder beetle comes into view.
The troll bites your human. The troll closely misses your human.
The troll barely misses your human. The human hits you but does no damage.
The deep elf pyromancer casts a spell at you.
The bolt of fire hits your guardian golem.
Your guardian golem resists.
The bolt of fire hits your lightning spire.
Your lightning spire resists.
The bolt of fire hits you!! You resist.
Ouch! That really hurt!
* * * LOW HITPOINT WARNING * * *
You emit a cloud of dark smoke.
Your human hits the troll.
The yaktaur hits your guardian golem but does no damage.
Nessos is engulfed in noxious fumes.
Okay, then.
You aren't carrying any scrolls.
Casting: Call Canine Familiar (safe; 1% risk of failure)
Confirm with . or Enter, or press ? or * to list all spells.
Okay, then.
Aiming: Shadow Step
Press: ? - help, Dir - move target, f - human, p - Nessos
Aim: a human (umbra)
You step into the human's shadow.
Your shadow no longer tangibly mimics your actions.
Nessos is engulfed in noxious fumes.
Nessos appears confused.
The human hits you!
You die...

##.≈≈###
.......Tce#
#......
'B......p9##
#≈≈≈≈≈≈#
#..o......#
†.......
#........8#
≈≈≈≈≈≈≈≈
#.......h§#
#≈≈≈≈≈≈#
#......p§§#
#≈≈≈≈##
#......§c§#
#≈O##
#...pp...°#
#...
#.p.@p....#
....
#p........#
..p
..p..u.......#
..
...O.#########
..... ....
#...........
#.......<>..
#.......∩<..


You could see a boulder beetle, Nessos (fast, confused, ally target), Urug, a
red ugly thing, a two-headed ogre, 7 humans, a friendly guardian golem
(summoned), a friendly human (charmed) and a friendly hound (summoned,
sheltered).

Vanquished Creatures
  A human (D:13)
  An orc warrior (D:10)
  A centaur (D:10)
  A nameless horror (D:10)
  A killer bee (D:4)
  An adder (D:6)
  An orc (D:10)
  An endoplasm (D:2)
  A giant cockroach (D:2)
  2 goblins
  7 kobolds
  2 bats
  A frilled lizard (D:1)
  6 rats
27 creatures vanquished.

Vanquished Creatures (collateral kills)
  A radroach (shapeshifter) (D:13)
  2 two-headed ogres
  2 manticores (D:8)
  4 centaur zombies
  A troll (D:10)
  Sigmund (D:2)
  A wraith (D:11)
  A wyvern (D:8)
  3 yaks (D:9)
  5 humans (D:13)
  A water moccasin (D:6)
  An acid dragon (D:8)
  A nameless horror (D:6)
  Pargi (D:3)
  4 orc warriors
  An ice beast (D:7)
  A sky beast (D:6)
  2 ogres (D:5)
  A centaur (D:7)
  A phantom (D:6)
  3 kobold brigands
  3 bullfrogs
  A gnoll sergeant (D:6)
  A scorpion (D:4)
  A water moccasin zombie (D:5)
  Dowan (D:5)
  5 killer bees (D:9)
  A howler monkey (D:4)
  2 bullfrog zombies
  A gnoll shaman (D:7)
  Crazy Yiuf (D:2)
  A jelly (D:6)
  5 orc priests
  A scorpion zombie (D:5)
  3 iguanas
  10 orc wizards
  A howler monkey zombie (D:7)
  12 gnolls
  8 adders
  A white imp (D:4)
  An adder skeleton (D:4)
  A worm (D:3)
  A dart slug (D:5)
  22 orcs
  5 ball pythons
  A bat (D:1)
  9 endoplasms
  A giant cockroach (D:1)
  3 hobgoblins
  2 quokkas
  3 frilled lizards
  6 goblins
  25 kobolds
  2 quokka skeletons (D:4)
  3 rats
182 creatures vanquished.

Vanquished Creatures (others)
  A centaur warrior (D:13)
  2 humans (D:13)
  Duvessa (D:5)
  A centaur (D:9)
  A gnoll shaman (D:8)
  An orc priest (D:10)
  A gnoll (D:8)
  An orc (D:10)
  19 foxfires
  6 plants (D:7)
34 creatures vanquished.

Grand Total: 243 creatures vanquished

Notes
Turn   | Place    | Note
-------+----------+-------------------------------------------
     0 | D:1      | tkbsonic5 the Felid Summoner began the quest for the Orb.
     0 | D:1      | Reached XP level 1. HP: 7/7 MP: 4/4
   280 | D:1      | Reached XP level 2. HP: 8/11 MP: 0/6
   396 | D:1      | Learned a level 2 spell: Call Imp
  1534 | D:1      | Reached XP level 3. HP: 14/14 MP: 1/7
  1538 | D:1      | Learned a level 3 spell: Call Canine Familiar
  1787 | D:2      | Noticed Sigmund
  1830 | D:2      | Found a runed translucent door.
  1831 | D:2      | Noticed Crazy Yiuf
  1845 | D:2      | Killed Sigmund
  1846 | D:2      | Reached XP level 4. HP: 18/18 MP: 1/9
  1846 | D:2      | Reached XP level 5. HP: 21/21 MP: 1/10
  1923 | D:2      | Learned a level 4 spell: Summon Lightning Spire
  1978 | D:2      | Found an ancient bone altar of Kikubaaqudgha.
  2752 | D:2      | Killed Crazy Yiuf
  2753 | D:2      | Reached skill level 5 in Summonings
  3220 | D:3      | Noticed Pargi
  3237 | D:3      | Killed Pargi
  3238 | D:3      | Reached skill level 5 in Dodging
  3238 | D:3      | Reached skill level 1 in Air Magic
  3238 | D:3      | Gained mutation: You are covered in thick fur. (AC +2)
                  | [Felid growth]
  3238 | D:3      | Reached XP level 6. HP: 24/24 MP: 2/12
  3314 | D:3      | Found a shimmering blue altar of Sif Muna.
  3333 | D:3      | Found an iron altar of Okawaru.
  3335 | D:3      | Found a stormy altar of Qazlal.
  3336 | D:3      | Found a shadowy altar of Dithmenos.
  3355 | D:3      | Became a worshipper of Dithmenos the Shadowed
  3638 | D:3      | Found a radiant altar of Vehumet.
  3648 | D:3      | Found an ancient bone altar of Kikubaaqudgha.
  3786 | D:4      | Reached skill level 1 in Evocations
  4275 | D:4      | Reached XP level 7. HP: 27/27 MP: 1/13
  4556 | D:4      | Reached * piety under Dithmenos
  5200 | D:5      | Entered Level 5 of the Dungeon
  5250 | D:5      | Learned a level 3 spell: Summon Guardian Golem
  5325 | D:5      | Reached skill level 5 in Stealth
  5561 | D:5      | Reached XP level 8. HP: 31/31 MP: 5/15
  5657 | D:5      | Noticed Duvessa
  5657 | D:5      | Noticed Dowan
  5680 | D:5      | Killed Duvessa
  5691 | D:5      | Killed Dowan
  6043 | D:5      | Found Xebisun's General Store.
  6117 | D:5      | Found Tet Nam's Specific Store.
  6130 | D:5      | Bought a scroll of magic mapping for 45 gold pieces
  6130 | D:5      | Bought a scroll of identify for 26 gold pieces
  6297 | D:5      | Bought a scroll of summoning for 104 gold pieces
  6419 | D:6      | Learned a level 3 spell: Teleport Other
  6496 | D:6      | Reached skill level 5 in Spellcasting
  6581 | D:6      | Reached skill level 1 in Hexes
  6581 | D:6      | Reached skill level 1 in Translocations
  7217 | D:6      | Reached XP level 9. HP: 25/34 MP: 4/18
  8002 | D:7      | Reached ** piety under Dithmenos
  8138 | D:7      | Learned a level 3 spell: Gell's Gravitas
  8188 | D:7      | Found a flagged portal.
  8911 | D:7      | Shot with an arrow by a centaur
  8912 | D:7      | Reached XP level 8. HP: 0/31 MP: 7/17
  9226 | D:8      | Noticed a manticore
  9247 | D:8      | Killed a manticore
  9411 | D:8      | Reached skill level 5 in Translocations
  9411 | D:8      | Reached XP level 9. HP: 34/34 MP: 7/19
  9595 | D:8      | Noticed a manticore
  9612 | D:8      | Killed a manticore
  9613 | D:8      | Reached skill level 5 in Hexes
 10531 | D:8      | Learned a level 1 spell: Foxfire
 11021 | D:9      | Reached skill level 5 in Air Magic
 11109 | D:9      | Reached *** piety under Dithmenos
 11285 | D:9      | Noticed a two-headed ogre
 11306 | D:9      | Killed a two-headed ogre
 11307 | D:9      | Reached skill level 1 in Conjurations
 11307 | D:9      | Reached skill level 1 in Fire Magic
 11493 | D:9      | Reached XP level 10. HP: 37/37 MP: 0/20
 12441 | D:10     | Entered Level 10 of the Dungeon
 12725 | D:10     | Found Qafehyv's Gadget Gallery.
 12732 | D:10     | Bought a lightning rod (4/4) for 420 gold pieces
 12897 | D:10     | Learned a level 3 spell: Mephitic Cloud
 13040 | D:10     | Learned a level 2 spell: Passwall
 13237 | D:11     | Noticed a death knight
 13247 | D:11     | Killed by mirror damage
 13248 | D:11     | Reached XP level 9. HP: -1/34 MP: 6/19
 13297 | D:11     | You fall into a shaft and drop 2 floors!
 13398 | D:13     | Gained mutation: You are clumsy. (Dex -2) [potion of
                  | mutation]
 13398 | D:13     | Gained mutation: Your spells are a little easier to cast,
                  | but a little less powerful. [potion of mutation]
 13398 | D:13     | Gained mutation: You possess an exceptional clarity of
                  | mind. [potion of mutation]
 13399 | D:13     | Lost mutation: You are clumsy. (Dex -2) [potion of
                  | mutation]
 13399 | D:13     | Lost mutation: You possess an exceptional clarity of mind.
                  | [potion of mutation]
 13399 | D:13     | Lost mutation: Your spells are a little easier to cast, but
                  | a little less powerful. [potion of mutation]
 13399 | D:13     | Gained mutation: Your spells are a little easier to cast,
                  | but a little less powerful. [potion of mutation]
 13399 | D:13     | Gained mutation: You are robust. (+10% HP) [potion of
                  | mutation]
 13399 | D:13     | Lost mutation: You are robust. (+10% HP) [potion of
                  | mutation]
 13399 | D:13     | Lost mutation: Your spells are a little easier to cast, but
                  | a little less powerful. [potion of mutation]
 13426 | D:13     | Noticed a centaur warrior
 13449 | D:13     | Noticed a cyclops
 13449 | D:13     | Noticed a two-headed ogre
 13450 | D:13     | Found a gate to the Vaults.
 13450 | D:13     | Noticed Nessos
 13453 | D:13     | Noticed Urug
 13457 | D:13     | Noticed a two-headed ogre
 13492 | D:13     | Noticed a faun
 13493 | D:13     | Killed a centaur warrior
 13539 | D:13     | Reached skill level 1 in Poison Magic
 13547 | D:13     | Noticed a merfolk
 13557 | D:13     | Noticed an anaconda
 13557 | D:13     | a merfolk changed into an anaconda
 13560 | D:13     | Noticed a radroach
 13560 | D:13     | an anaconda changed into a radroach
 13562 | D:13     | Reached **** piety under Dithmenos
 13563 | D:13     | Reached skill level 1 in Earth Magic
 13573 | D:13     | Reached XP level 10. HP: 20/38 MP: 8/21
 13575 | D:13     | Killed a radroach
 13576 | D:13     | Reached skill level 1 in Unarmed Combat
 13587 | D:13     | Killed a two-headed ogre
 13588 | D:13     | Reached skill level 1 in Transmutations
 13590 | D:13     | Mangled by Urug
 13591 | D:13     | Reached XP level 9. HP: -10/34 MP: 3/20
 13592 | D:13     | Noticed a deep elf pyromancer
 13592 | D:13     | Noticed a five-headed hydra
 13596 | D:13     | Noticed a troll
 13604 | D:13     | Noticed a yaktaur
 13616 | D:13     | Noticed a red ugly thing
 13617 | D:13     | Noticed a boulder beetle
 13618 | D:13     | Slain by a human

Illustrated notes

Levels and vault maps discovered:
D:1:      wander_arrival_lonely_grave, layout_loops_ring
D:2:      layout_basic, basic_altar, minmay_heptomino_l4, uniq_sigmund,
          uniq_crazy_yiuf_cottage
D:3:      layout_basic, mainiacjoe_overflow_big_doors,
          grunt_temple_overflow_open, kennysheep_generic_room_7, uniq_pargi
D:4:      layout_basic, minmay_pentangle
D:5:      layout_gridville, nicolae_specific_store, uniq_duvessa
D:6:      layout_basic, minmay_crystal_room, minmay_chambers_of_fives
D:7:      layout_basic, minmay_temple_entry_poolview, enter_bailey_6,
          serial_bayou_pond_c, st_stairs_6, glass_columns_b
D:8:      layout_gridville, hangedman_decor_growths
D:9:      layout_roguey
D:10:     layout_roguey, nicolae_shop_gadgets
D:11:     layout_gridville, lair_entry_dummy, serial_shops,
          kennysheep_mini_moat, shop, nicolae_shop_overgrown_old_shop, shop,
          kennysheep_donut, lightli_elemental_guards, uniq_erica
D:13:     layout_basic, david_vaults_3, minmay_evil_grid

Skill      XL: |  1  2  3  4  5  6  7  8  9 10 |
---------------+-------------------------------+-----
Dodging        | 3 4 5 7 8 |  8.0
Stealth        | 3 4 5 6 7 |  7.6
Spellcasting   | 3 4 6 |  6.9
Summonings     | 5 6 7 8 |  8.2
Air Magic      | 1 2 3 5 |  5.7
Evocations     | 1 2 3 4 |  4.8
Hexes          | 2 5 7 |  7.1
Translocations | 5 6 7 |  7.1
Conjurations   | 2 |  2.6
Fire Magic     | 2 |  2.5
Poison Magic   | 1 |  1.4
Earth Magic    | 1 |  1.4
Unarmed Combat | 1 |  1.3
Transmutations | 1 |  1.1
Fighting       | |  0.7

Action                   |  1- 3 |  4- 6 |  7- 9 | 10-12 || total
-------------------------+-------+-------+-------+-------++-------
Melee: Unarmed           |    22 |     7 |    20 |    14 ||    63
       Bite              |       |     2 |     3 |     2 ||     7
       Punch             |       |       |     3 |       ||     3
 Cast: Summon Small Mamm |    47 |    38 |   114 |    14 ||   213
       Call Imp          |    16 |    21 |    51 |     6 ||    94
       Call Canine Famil |     3 |    13 |    56 |     7 ||    79
       Summon Guardian G |       |       |    20 |     5 ||    25
       Summon Lightning  |       |       |    43 |    11 ||    54
       Mephitic Cloud    |       |       |     4 |     1 ||     5
       Gell's Gravitas   |       |       |     3 |       ||     3
       Teleport Other    |       |       |     1 |       ||     1
       Foxfire           |       |       |       |    11 ||    11
Invok: Shadow Step       |       |       |     1 |       ||     1
Evoke: Wand              |       |       |    10 |     4 ||    14
       Lightning rod     |       |       |       |     1 ||     1
       Phantom mirror    |       |       |       |     1 ||     1
  Use: Scroll            |     1 |     5 |    16 |     4 ||    26
       Potion            |       |     1 |    13 |     1 ||    15
 Stab: Sleeping          |     1 |     3 |       |       ||     4
       Distracted        |       |       |     1 |       ||     1
Armor: Skin              |     4 |       |     4 |       ||     8
Dodge: Dodged            |    27 |    14 |    96 |    23 ||   160
